AoeStats
← K

Arena

509364761Analyzed
4v4 RM · 7d ago on Sep 26, 2026· 57m 44s· 8 players
Game mode
Random Map
Map size
Large (8 player)
Population
200
Speed
Normal
Resources
Standard
Victory
Conquest
Starting age
Dark Age
Ending age
Imperial Age
RankedLock teamsTeams togetherTeam positionsShared explorationLock speedFull tech treeHidden civsTurbo modeCheats
Victory
Defeat
🇨🇳 Magyars · China
1208
+15
🇨🇳 Franks · China
1172
+16
🇨🇳 Shu · China
1167
+16
🇨🇳 Jurchens · China
1149
+17
🇨🇳 Saxons · China
1236
-18
🇭🇰 Byzantines · Hong Kong SAR China
1176
-16
🇬🇧 Teutons · United Kingdom
1172
-16
🇹🇼 Varangians · Taiwan
1130
-14
芥蓝菜丶
10:21 Feudal Age
11:09 Double-Bit Axe
11:35 Horse Collar
14:02 Castle Age
12:27 Horse Collar
20:19 Loom
22:59 Gold Mining
25:07 Husbandry
25:17 Bloodlines
25:39 Heavy Plow
32:29 Imperial Age
31:18 Scale Barding Armor
31:04 Fletching
33:03 Wheelbarrow
33:08 Chain Barding Armor
33:20 Thumb Ring
33:12 Bodkin Arrow
34:01 Bow Saw
34:19 Hand Cart
35:06 Gold Shaft Mining
34:56 Conscription
34:37 Recurve Bow
34:48 Cavalier
34:51 Heavy Cavalry Archer
35:38 Padded Archer Armor
37:00 Bracer
37:15 Leather Archer Armor
38:36 Two-Man Saw
38:40 Ballistics
39:45 Ring Archer Armor
41:19 Town Watch
41:58 Cavalier
43:46 Plate Barding Armor
44:15 Parthian Tactics
45:39 Crop Rotation
46:30 Chemistry
45:37 Siege Engineers
45:13 Treadmill Crane
47:32 Stone Mining
47:44 Paladin
52:30 Coinage
54:51 Masonry
54:27 Light Cavalry
56:03 Banking
55:33 Caravan
Hold the door
10:15 Feudal Age
13:54 Castle Age
12:31 Double-Bit Axe
18:07 Bow Saw
20:57 Gold Mining
23:17 Gold Shaft Mining
23:02 Stone Mining
24:32 Wheelbarrow
25:45 Hand Cart
28:14 Imperial Age
25:57 Scale Barding Armor
26:03 Forging
26:23 Loom
27:10 Town Watch
27:49 Chain Barding Armor
28:04 Iron Casting
29:41 Plate Barding Armor
29:12 Town Patrol
28:43 Cavalier
29:24 Husbandry
30:09 Chivalry
30:04 Paladin
32:04 Blast Furnace
31:04 Padded Archer Armor
32:53 Chemistry
32:14 Ballistics
32:08 Siege Engineers
34:44 Heavy Scorpion
36:01 Conscription
37:16 Light Cavalry
48:57 Padded Archer Armor
48:48 Fletching
49:05 Elite Skirmisher
50:08 Leather Archer Armor
50:42 Bodkin Arrow
56:26 Scale Mail Armor
xiweb
10:56 Feudal Age
12:05 Double-Bit Axe
14:48 Castle Age
12:42 Horse Collar
16:51 Wheelbarrow
16:30 Town Watch
18:11 Stone Mining
22:57 Loom
23:09 Treadmill Crane
28:04 Imperial Age
25:50 Gold Mining
26:47 Hand Cart
27:18 Ballistics
27:23 Thumb Ring
26:39 Crossbowman
27:13 Fletching
27:23 Padded Archer Armor
27:56 Heavy Plow
28:25 Arbalester
30:08 Masonry
30:29 Elite Skirmisher
32:15 Chemistry
31:47 Architecture
32:04 Gold Shaft Mining
31:40 Bodkin Arrow
33:05 Bracer
33:20 Leather Archer Armor
34:53 Conscription
34:36 Bolt Magazine
35:14 Hoardings
35:01 Bow Saw
36:58 Siege Engineers
40:47 Two-Man Saw
39:27 Pikeman
40:08 Squires
39:47 Capped Ram
42:14 Ring Archer Armor
41:50 Guard Tower
41:45 Arrowslits
42:55 Guilds
43:24 Coiled Serpent Array
45:37 Siege Ram
49:57 Scale Mail Armor
50:07 Forging
49:37 Elite White Feather Guard
52:43 Halberdier
53:41 Chain Mail Armor
56:08 Murder Holes
56:24 Fortified Wall
Know How To Cherish
11:20 Feudal Age
15:51 Castle Age
14:03 Fletching
15:39 Double-Bit Axe
15:38 Horse Collar
17:39 Loom
26:46 Bow Saw
29:00 Wheelbarrow
30:12 Bodkin Arrow
30:27 Gold Mining
30:54 Heavy Plow
33:53 Imperial Age
32:27 Gold Shaft Mining
32:00 Scale Mail Armor
32:11 Forging
32:04 Squires
32:08 Pikeman
33:48 Chain Mail Armor
34:08 Iron Casting
34:04 Hand Cart
34:31 Heavy Scorpion
37:04 Blast Furnace
36:40 Elite Fire Lancer
38:06 Town Watch
42:24 Two-Man Saw
41:56 Crop Rotation
45:50 Chemistry
45:10 Siege Engineers
45:57 Caravan
47:54 Blast Furnace
46:55 Bracer
46:56 Padded Archer Armor
47:47 Arson
48:27 Conscription
48:31 Stone Mining
50:28 Gambesons
50:59 Thunderclap Bombs
51:27 Hoardings
52:42 Coinage
53:01 Pikeman
54:14 Leather Archer Armor
53:43 Halberdier
開機中
10:27 Feudal Age
14:38 Castle Age
12:59 Double-Bit Axe
14:57 Horse Collar
15:47 Bow Saw
20:07 Wheelbarrow
24:30 Heavy Plow
25:17 Hand Cart
27:33 Gold Mining
27:34 Stone Mining
30:33 Imperial Age
28:30 Scale Barding Armor
28:36 Forging
29:28 Stone Shaft Mining
30:38 Chain Barding Armor
30:53 Iron Casting
30:50 Bloodlines
30:40 Husbandry
30:49 Loom
30:52 Elite Jarl
31:53 Conscription
32:10 Plate Barding Armor
32:15 Crop Rotation
33:50 Blast Furnace
34:28 Guilds
36:25 Elite Varangian Guard
36:51 Arson
37:06 Squires
36:52 Gambesons
36:30 Gothikon
37:16 Scale Mail Armor
38:28 Chain Mail Armor
38:04 Fletching
40:06 Plate Mail Armor
47:40 Light Cavalry
48:55 Caravan
Minneapolis
9:44 Feudal Age
13:43 Castle Age
11:44 Double-Bit Axe
15:08 Bow Saw
19:55 Horse Collar
21:36 Wheelbarrow
22:32 Gold Mining
27:52 Imperial Age
25:53 Ballistics
26:09 Fletching
26:18 Stone Mining
27:05 Hand Cart
27:11 Padded Archer Armor
27:30 Bodkin Arrow
27:48 Loom
28:32 Leather Archer Armor
29:07 Gold Shaft Mining
29:46 Chemistry
29:14 Bracer
29:34 Thumb Ring
29:55 Conscription
29:35 Cranequins
30:54 Ring Archer Armor
30:51 Bloodlines
31:43 Husbandry
31:53 Siege Engineers
31:11 Capped Ram
32:06 Heavy Mounted Crossbowman
34:08 Siege Ram
35:32 Onager
35:51 Elite Skirmisher
40:34 Two-Man Saw
41:31 Coinage
42:53 Masonry
42:23 Treadmill Crane
44:44 Hoardings
44:53 Hoardings
48:09 Town Watch
49:32 Murder Holes
49:56 Scale Mail Armor
50:07 Forging
49:28 Light Cavalry
50:19 Scale Barding Armor
50:58 Hussar
52:01 Scale Mail Armor
52:29 Chain Barding Armor
52:45 Iron Casting
54:51 Caravan
K
10:20 Feudal Age
11:28 Loom
15:49 Fletching
25:14 Castle Age
23:05 Double-Bit Axe
24:03 Forging
25:10 Gold Mining
25:53 Scale Barding Armor
28:16 Bloodlines
31:28 Gambesons
31:44 Squires
39:42 Scale Mail Armor
47:29 Imperial Age
45:36 Wheelbarrow
44:49 Town Watch
45:41 Iron Casting
47:17 Chain Barding Armor
47:40 Cavalier
49:59 Plate Barding Armor
52:19 Blast Furnace
50:43 Paladin
50:53 Paladin
52:32 Bodkin Arrow
52:38 Onager
54:56 Horse Collar
55:30 Bow Saw
55:32 Town Patrol
ddddeeer
11:13 Feudal Age
13:05 Double-Bit Axe
15:44 Castle Age
17:17 Loom
23:05 Imperial Age
21:17 Horse Collar
21:54 Fletching
22:19 Bow Saw
22:50 Bodkin Arrow
29:04 Wheelbarrow
30:39 Murder Holes
31:47 Hand Cart
32:47 Scale Barding Armor
32:54 Forging
35:02 Gold Mining
36:09 Light Cavalry
36:49 Husbandry
37:45 Heavy Plow
38:27 Conscription
39:02 Gold Shaft Mining
38:18 Stone Mining
39:16 Chain Barding Armor
39:32 Iron Casting
42:07 Bracer
43:16 Fortified Wall
50:55 Padded Archer Armor
51:02 Scale Mail Armor
51:56 Leather Archer Armor
53:27 Scale Mail Armor
56:40 Chain Mail Armor
Connection lost

Rejoining the realm…

Still unreachable

The connection could not be restored.

Session expired

The server has moved on; the page needs a fresh start.